 Dungeon Crawl Stone Soup version 0.30-a0-618-gd6c86c23d0 (webtiles) character file.

Game seed: 12554057573955160883

46 Leeroy the Sneak (level 3, -3/19 HPs)
             Began as a Kobold Enchanter on Jan 9, 2023.
             Slain by Crazy Yiuf
             ... wielding a +2 quarterstaff of chaos
              (10 damage)
             ... on level 2 of the Dungeon.
             The game lasted 00:02:54 (1147 turns).

Leeroy the Sneak (Kobold Enchanter)                 Turns: 1147, Time: 00:02:55

Health: -3/19      AC:  2    Str:  5    XL:     3   Next: 95%
Magic:  6/6        EV: 15    Int: 16    God:
Gold:   71         SH:  0    Dex: 17    Spells: 6/6 levels left

rFire   . . .      SeeInvis .    h - +2 short sword (speed)
rCold   . . .      Faith    .    (no shield)
rNeg    . . .      Spirit   .    b - +0 robe
rPois   .          Reflect  .    (no helmet)
rElec   .          Harm     .    (no cloak)
rCorr   .          Rampage  .    (no gloves)
Will    .....                    (no boots)
Stlth   ++++                     (no amulet)
HPRegen 0.23/turn                (no ring)
MPRegen 0.10/turn                (no ring)

@: no status effects
A: small, no large weapons, nightstalker 3
a: no special abilities


You were on level 2 of the Dungeon.
You visited 1 branch of the dungeon, and saw 2 of its levels.

You collected 71 gold pieces.

Inventory:

Hand Weapons
 a - a +1 dagger
 h - a +2 short sword of speed (weapon)
Armour
 b - a +0 robe (worn)
Jewellery
 l - a ring of magical power
Scrolls
 d - a scroll of identify {unknown}
 e - a scroll of enchant weapon {unknown}
 f - a scroll of immolation {unknown}
 i - 3 scrolls of teleportation {unknown}
 j - a scroll of enchant armour {unknown}
 m - 2 scrolls of amnesia {unknown}
 p - a scroll of blinking {unknown}
Potions
 c - 2 potions of invisibility
 g - 2 potions of ambrosia {unknown}
 k - a potion of lignification {unknown}
 n - a potion of mutation {unknown}
 o - a potion of attraction {unknown}
 q - a potion of curing {unknown}


   Skills:
 - Level 1.3 Short Blades
 - Level 2.4 Dodging
 + Level 6.4 Stealth
 - Level 2.1 Spellcasting
 - Level 3.0 Hexes


You had 6 spell levels left.
You didn't know any spells.
Your spell library contained the following spells:

 Spells                   Type           Power      Damage    Failure   Level
 Ensorcelled Hibernation  Hex/Ice        12%        N/A       17%         2
 Confusing Touch          Hex            11%        N/A       19%         3
 Tukima's Dance           Hex            11%        N/A       19%         3
 Momentum Strike          Conj/Tloc      2%         3d8       30%         2
 Dazzling Flash           Conj/Hex       12%        N/A       32%         3
 Gell's Gravitas          Tloc           1%         N/A       52%         3
 Lesser Beckoning         Tloc           2%         N/A       52%         3
 Teleport Other           Tloc           1%         N/A       52%         3
 Arcjolt                  Conj/Air       0%         1d10      99%         5
 Iskenderun's Battlesphe  Conj           1%         2d6       99%         5
 Lehudib's Crystal Spear  Conj/Erth      0%         10d2      100%        8


Dungeon Overview and Level Annotations

Branches:
Dungeon (2/15)

Altars:

Annotations:
D:2 Crazy Yiuf


Innate Abilities, Weirdness & Mutations

You are small and have problems with some larger weapons.
You are completely attuned to the shadows.


Message History

A dart slug is nearby!
The helpless dart slug fails to defend itself.
You puncture the dart slug!
You kill the dart slug!
No target in view!
No target in view!
No target in view!
Found a hammer.
Found a hammer.
You see here a +0 hammer.
Found two hammers.
Found a runed translucent door.
You see here a +0 hammer.
Found a hammer.
You see here a +0 hammer.
No target in view!
Found a hammer.
Found two hammers.
You see here a +0 hammer.
You open the door.
There is an open translucent door here.
You see here a +0 hammer.
You see here a +0 hammer.
The helpless Crazy Yiuf fails to defend himself.
You puncture Crazy Yiuf!
Crazy Yiuf is almost dead.
Crazy Yiuf misses you.
You hit Crazy Yiuf but do no damage.
Crazy Yiuf is almost dead.
You hit Crazy Yiuf but do no damage.
Crazy Yiuf is almost dead.
Crazy Yiuf hits you with a +2 quarterstaff of chaos!
Ouch! That really hurt!
You resist with significant effort.
You completely miss Crazy Yiuf.
Crazy Yiuf is almost dead.
You closely miss Crazy Yiuf.
Crazy Yiuf is almost dead.
Crazy Yiuf hits you with a +2 quarterstaff of chaos!
Ouch! That really hurt!
You die...

. ...#### .......
#..... #..#..
#######.....
########)#......###
#)..##.)#).P....#
#g@)')####P.....#
#)..### ##P...##
##### ###### ######
############ #.....
#..........# ######
#..........#
#..........########


You could see Crazy Yiuf.

Vanquished Creatures
  An adder (D:2)
  2 dart slugs
  A ball python (D:2)
  7 endoplasms
  A giant cockroach (D:1)
  3 goblins (D:1)
  3 hobgoblins (D:1)
  2 quokkas (D:1)
  A bat (D:1)
  2 frilled lizards
  4 kobolds
  3 rats (D:1)
30 creatures vanquished.

Notes
Turn   | Place    | Note
-------+----------+-------------------------------------------
     0 | D:1      | Leeroy the Kobold Enchanter began the quest for the Orb.
     0 | D:1      | Reached XP level 1. HP: 10/10 MP: 3/3
   171 | D:1      | Reached XP level 2. HP: 15/15 MP: 5/5
   243 | D:1      | Reached skill level 5 in Stealth
   409 | D:1      | Reached XP level 3. HP: 19/19 MP: 6/6
   724 | D:2      | Got Caytoc's Thoughts on Confrontation
   833 | D:2      | Reached skill level 6 in Stealth
  1135 | D:2      | Found a runed translucent door.
  1138 | D:2      | Noticed Crazy Yiuf
  1147 | D:2      | Slain by Crazy Yiuf

Illustrated notes

Levels and vault maps discovered:
D:1:      saegor_arrival_simple_b, layout_basic, minmay_misc_feat_iff
D:2:      layout_rooms, uniq_crazy_yiuf_cottage

Skill      XL: |  1  2  3 |
---------------+----------+-----
Stealth        | 5 6 |  6.4
Short Blades   | |  1.3
Dodging        | |  2.4
Spellcasting   | |  2.1
Hexes          | |  3.0

Action                   || total
-------------------------++-------
Melee: Dagger            ||    13
       Short sword       ||    54
 Stab: Sleeping          ||    17
Armor: Robe              ||     1
Dodge: Dodged            ||    31

Table legend: (Time is in decaauts)
 A = Elapsed time spent in this place.
 B = Non-inter-level travel time spent in this place.
 C = Inter-level travel time spent in this place.
 D = Time resting spent in this place.
 E = Time spent auto-exploring this place.
 F = Levels seen in this place.
 G = Mean time per level.
                   A        B        C        D        E       F      G
               +--------+--------+--------+--------+--------+-----+--------+
         Total |   1122 |   1109 |     13 |      0 |    934 |   2 |  561.0 |
       Dungeon |   1122 |   1109 |     13 |      0 |    934 |   2 |  561.0 |
               +--------+--------+--------+--------+--------+-----+--------+

Top non-repeatable levels by time:
     D:1: 680 daAuts
     D:2: 442 daAuts
